 Dungeon Crawl Stone Soup version 0.30.0-16-gbe6223bb7e (webtiles) character file.

Game seed: 7056806924556166384

4248 croobank the Sneak (level 10, -3/74 HPs)
             Began as a Demonspawn Fire Elementalist on May 20, 2023.
             Was a Follower of Sif Muna.
             Slain by a sky beast (6 damage)
             ... on level 8 of the Dungeon.
             The game lasted 00:24:50 (9491 turns).

croobank the Sneak (Demonspawn Fire Elementalist)   Turns: 9491, Time: 00:24:50

Health: -3/74      AC:  7    Str:  8    XL:     10   Next: 9%
Magic:  2/17       EV: 14    Int: 20    God:    Sif Muna [*.....]
Gold:   340        SH:  5    Dex: 15    Spells: 9/19 levels left

rFire   . . .        y - +0 long sword (spect)
rCold   + . .        (no shield)
rNeg    + . .        i - +0 robe
rPois   .            (no helmet)
rElec   .            t - scarf {repulsion}
rCorr   .            (no gloves)
SInv    +            B - +0 pair of boots
Will    .....        l - amulet of reflection
Stlth   +++          c - ring of see invisible
HPRegen 0.32/turn    g - ring of positive energy
MPRegen 0.15/turn

%: repel missiles, reflection
@: slowed, very slow
A: icy blue scales 3, spiny 2, weakness stinger 1
a: Renounce Religion, Channel Magic


You were on level 8 of the Dungeon.
You worshipped Sif Muna.
Sif Muna was aware of your devotion.
You visited 2 branches of the dungeon, and saw 9 of its levels.

You collected 340 gold pieces.

Inventory:

Hand Weapons
 a - a +0 dagger
 f - a +0 vampiric spear
 m - a +2 heavy flail
 r - a +4 quarterstaff of chaos
 y - a +0 spectral long sword (weapon)
 A - the +1 quarterstaff of the Moth {flame, rC++ Str-2 Int+7}
   (You found it on level 5 of the Dungeon)

   Str:       It affects your strength (-2).
   Int:       It affects your intelligence (+7).
   rC:        It greatly protects you from cold.
 I - a +1 short sword of flaming
 J - a +1 long sword
Missiles
 e - 7 poisoned darts
 h - 4 datura-tipped darts (quivered)
 o - 4 curare-tipped darts
Armour
 i - a +0 robe (worn)
 p - the +0 ring mail of the Echidna {Dex+4}
   (You found it on level 3 of the Dungeon)

   Dex:       It affects your dexterity (+4).
 t - a scarf of repulsion (worn)
 B - a +0 pair of boots (worn)
 E - a +4 ring mail
Jewellery
 c - a ring of see invisible (left hand)
 g - a ring of positive energy (right hand)
 k - an amulet of faith
 l - an amulet of reflection (around neck)
 s - a ring of protection from fire
 w - a ring of protection from fire
Wands
 b - a wand of digging (9)
 d - a wand of mindburst (17)
 C - a wand of flame (29)
 F - a wand of light (3)
Scrolls
 x - a scroll of fear
 D - a scroll of poison {unknown}
 G - a scroll of teleportation
Potions
 j - a potion of ambrosia
 n - a potion of brilliance {unknown}
 q - a potion of resistance {unknown}
 u - 2 potions of curing
 v - a potion of degeneration {unknown}
 z - a potion of cancellation {unknown}
 H - 2 potions of invisibility {unknown}
 K - a potion of mutation


   Skills:
 + Level 5.3 Fighting
 + Level 5.2 Dodging
 + Level 5.7 Stealth
 + Level 5.2 Spellcasting
 + Level 5.5 Conjurations
 - Level 5.0 Hexes
 + Level 5.5 Fire Magic
 + Level 3.7 Invocations


You had 9 spell levels left.
You knew the following spells:

 Your Spells              Type           Power      Damage    Failure   Level
a - Foxfire               Conj/Fire      100%       2x1d9     1%          1
b - Scorch                Fire           54%        2d7       1%          2
c - Inner Flame           Hex/Fire       26%        N/A       3%          3
d - Flame Wave            Conj/Fire      27%        2d9       12%         4

Your spell library contained the following spells:

 Spells                   Type           Power      Damage    Failure   Level
 Volatile Blastmotes      Fire/Tloc      32%        2d12      11%         3
 Ignite Poison            Fire/Tmut/Pois 12%        N/A       16%         3
 Cigotuvi's Dreadful Rot  Necr/Pois/Air  10%        N/A       17%         2
 Frozen Ramparts          Ice            10%        1d2       34%         3
 Gell's Gravitas          Tloc           5%         N/A       34%         3
 Teleport Other           Tloc           5%         N/A       34%         3
 Ice Form                 Ice/Tmut       5%         N/A       75%         4
 Summon Ice Beast         Ice/Summ       5%         N/A       75%         4
 Freezing Cloud           Conj/Ice/Air   6%         6-21      83%         5
 Dispersal                Tloc           2%         N/A       100%        6


Dungeon Overview and Level Annotations

Branches:
Dungeon (8/15)             Temple (1/1) D:6            Lair (0/5) D:8

Altars:
Ashenzari
Cheibriados
Dithmenos
Gozag
Hepliaklqana
Kikubaaqudgha
Nemelex Xobeh
Okawaru
Qazlal
Ru
Sif Muna
Uskayaw
Vehumet
Wu Jian
Yredelemnul

Annotations:
D:2 Sigmund


Innate Abilities, Weirdness & Mutations

You are completely covered in icy blue scales. (AC +4, rC+)
You are mostly covered in sharp spines.
You have a small tail.


Message History

The hornet is moderately wounded.
Your +0 spectral long sword barely misses the hornet.
You feel yourself speed up. The hornet is struck by your spines.
The hornet completely misses you.
The sky beast barely misses your +0 spectral long sword.
The hornet barely misses you.
The sky beast closely misses your +0 spectral long sword.
The hornet is struck by your spines. The hornet stings you.
You feel yourself slow down.
The sky beast misses your +0 spectral long sword.
You closely miss the hornet.
The hornet is almost dead.
Your +0 spectral long sword barely misses the hornet.
The hornet is no longer more vulnerable to fire.
The hornet completely misses you. The hornet stings you!
You feel as though you will be slow longer.
The sky beast closely misses your +0 spectral long sword.
The hornet stings you!
* * * LOW HITPOINT WARNING * * *
You feel as though you will be slow longer.
The sky beast closely misses your +0 spectral long sword.
Casting: Scorch (safe; 1% risk of failure)
Confirm with . or Enter, or press ? or * to list all spells.
Flames lash the sky beast.
The sky beast is moderately wounded.
The sky beast's fire resistance burns away.
Your +0 spectral long sword disappears.
The hornet is struck by your spines.
The hornet stings you but does no damage. x2
The hornet is struck by your spines. The hornet stings you!
* * * LOW HITPOINT WARNING * * *
You are lethally poisoned!
You feel as though you will be slow longer.
You feel better. The hornet stings you!
* * * LOW HITPOINT WARNING * * *
You feel as though you will be slow longer.
The sky beast hits you.
* * * LOW HITPOINT WARNING * * *
The sky beast shocks you.
You die...

#......###....
#...)......#
#..[......#
#.........#
##.####...#
##..# #...#
##..## ##..>#
#..## #....# .
#.##
##@#.....# ..
#.# #Yy#####.#
#.## #.# #.##
....#
#...#####.#
#.# ##.##..
##.......#
#.###...P...
#.....####
#.##.....PP.
#.[.....#
##.......P...
#....>#.#
#..)).Y..P...
.......#.#
##..).)y.P)...


You could see a hornet and a sky beast (combustible).

Vanquished Creatures
  Grinder (D:3)
  A hornet (D:6)
  Menkaure (D:4)
  4 water moccasins
  Duvessa (D:7)
  A sky beast (D:6)
  4 black bears
  3 ogres
  2 centaurs
  3 phantoms
  6 bullfrogs
  A gnoll sergeant (D:5)
  6 scorpions
  3 wights (D:7)
  Dowan (D:7)
  3 jellies
  5 quasits (D:5)
  5 hounds
  An orc priest (D:7)
  Crazy Yiuf (D:3)
  6 iguanas
  5 orc wizards
  6 gnolls
  11 adders
  4 shadow imps
  2 white imps
  2 ufetubi
  4 worms
  2 dart slugs
  20 orcs
  7 ball pythons
  5 bats
  4 endoplasms
  6 giant cockroaches
  12 goblins
  12 hobgoblins
  6 jackals
  6 quokkas
  4 frilled lizards
  5 kobolds
  6 rats
188 creatures vanquished.

Vanquished Creatures (collateral kills)
  A gnoll (D:5)
  An orc (D:3)
  2 foxfires
4 creatures vanquished.

Vanquished Creatures (others)
  2 gnolls (D:5)
  308 foxfires
310 creatures vanquished.

Grand Total: 502 creatures vanquished

Notes
Turn   | Place    | Note
-------+----------+-------------------------------------------
     0 | D:1      | croobank the Demonspawn Fire Elementalist began the quest
                  | for the Orb.
     0 | D:1      | Reached XP level 1. HP: 13/13 MP: 3/3
   295 | D:1      | Gained mutation: You are partially covered in icy blue
                  | scales. (AC +2) [demonic ancestry]
   295 | D:1      | Reached XP level 2. HP: 19/19 MP: 3/5
   587 | D:1      | Learned a level 2 spell: Scorch
  1198 | D:2      | Gained mutation: You are mostly covered in icy blue scales.
                  | (AC +3) [demonic ancestry]
  1198 | D:2      | Reached XP level 3. HP: 24/24 MP: 1/6
  1669 | D:2      | Noticed Sigmund
  1687 | D:2      | Reached XP level 4. HP: 31/31 MP: 4/7
  1890 | D:2      | Reached skill level 1 in Fighting
  2584 | D:3      | Identified the +0 ring mail of the Echidna {Dex+4}
  2590 | D:3      | Learned a level 3 spell: Inner Flame
  2930 | D:3      | Noticed Grinder
  3039 | D:3      | Gained mutation: You are partially covered in sharp spines.
                  | [demonic ancestry]
  3039 | D:3      | Reached XP level 5. HP: 20/37 MP: 4/8
  3047 | D:3      | HP: 1/37 [Grinder (1)]
  3057 | D:3      | Killed Grinder
  3058 | D:3      | Reached skill level 1 in Hexes
  3058 | D:3      | Gained mutation: You have a small tail. [demonic ancestry]
  3058 | D:3      | Reached XP level 6. HP: 44/44 MP: 2/10
  3904 | D:3      | Found a runed translucent door.
  3907 | D:3      | Noticed Crazy Yiuf
  3910 | D:3      | Identified the +8 hammer of the Inferno {holy, rPois Int-2
                  | Stlth+}
  3924 | D:3      | Killed Crazy Yiuf
  4339 | D:4      | Reached XP level 7. HP: 39/51 MP: 4/11
  4600 | D:4      | Found a sacrificial altar of Ru.
  4848 | D:4      | Found a hazy altar of Hepliaklqana.
  4989 | D:4      | Noticed Menkaure
  4994 | D:4      | Killed Menkaure
  5449 | D:5      | Entered Level 5 of the Dungeon
  5466 | D:5      | Gained mutation: You are mostly covered in sharp spines.
                  | [demonic ancestry]
  5466 | D:5      | Reached XP level 8. HP: 53/58 MP: 0/13
  6042 | D:6      | Learned a level 4 spell: Flame Wave
  6210 | D:5      | Identified the +1 quarterstaff of the Moth {flame, rC++
                  | Str-2 Int+7}
  7104 | D:6      | Reached XP level 9. HP: 65/65 MP: 7/15
  7186 | D:6      | Found a large runed translucent door.
  7187 | D:6      | Found a large runed translucent door.
  7286 | D:6      | Found a staircase to the Ecumenical Temple.
  7370 | Temple   | Entered the Ecumenical Temple
  7536 | Temple   | Became a worshipper of Sif Muna the Loreminder
  7690 | D:6      | Reached skill level 5 in Fire Magic
  7690 | D:6      | Reached skill level 1 in Invocations
  7785 | D:6      | Reached skill level 5 in Stealth
  8274 | D:6      | Found a shadowy altar of Dithmenos.
  8525 | D:7      | Reached skill level 5 in Conjurations
  8927 | D:7      | Noticed Duvessa
  8930 | D:7      | Noticed Dowan
  8941 | D:7      | Killed Duvessa
  8944 | D:7      | Killed Dowan
  9322 | D:8      | Reached skill level 5 in Dodging
  9322 | D:8      | Reached skill level 5 in Spellcasting
  9323 | D:8      | Reached * piety under Sif Muna
  9324 | D:8      | Reached skill level 5 in Fighting
  9460 | D:8      | Found a staircase to the Lair.
  9465 | D:8      | Gained mutation: You are completely covered in icy blue
                  | scales. (AC +4, rC+) [demonic ancestry]
  9465 | D:8      | Reached XP level 10. HP: 50/74 MP: 11/17
  9467 | D:8      | Reached skill level 5 in Hexes
  9491 | D:8      | HP: 3/74 [sky beast (2)]
  9491 | D:8      | Slain by a sky beast

Illustrated notes

Levels and vault maps discovered:
D:1:      spicycebolla_arrival_xxxplode, layout_loops_ring, minmay_tetromino_i2
D:2:      layout_loops_corners, minmay_misc_feat_square, uniq_sigmund
D:3:      cheibrodos_greedy_goblins, layout_basic, serial_glass,
          glass_columns_b, glass_columns_b, dk_noncrumbling_2,
          corexii_corridor_pit, minmay_pentomino_pile, uniq_grinder,
          uniq_crazy_yiuf_cottage
D:4:      layout_basic, mainiacjoe_overflow_large_starburst,
          general_overflow_altar, uniq_menkaure
D:5:      nicolae_BIG_FREAKIN_CUBE, layout_loops_ring, serial_demonic,
          serial_demonic_c, serial_demonic_d, serial_demonic_d, serial_demonic_c
D:6:      layout_gridville, jmf_multi_god_temple2, minmay_temple_entry_arrows
D:7:      layout_basic, uniq_duvessa
D:8:      layout_rooms, due_lair_maze_entry_diamond, serial_park_tiny_2,
          nrook_mini_vaults, uniq_gastronok
Temple:   nicolae_temple_figure_eight

Skill      XL: |  1  2  3  4  5  6  7  8  9 10 |
---------------+-------------------------------+-----
Stealth        | 2 3 4 5 |  5.7
Dodging        | 2 3 4 5 |  5.2
Fire Magic     | 3 4 5 |  5.5
Fighting       | 1 2 3 4 5 |  5.3
Conjurations   | 2 3 4 5 |  5.5
Spellcasting   | 3 4 5 |  5.2
Hexes          | 1 2 3 4 5 |  5.0
Invocations    | 3 |  3.7

Action                     |  1- 3 |  4- 6 |  7- 9 | 10-12 || total
---------------------------+-------+-------+-------+-------++-------
  Melee: Unarmed           |     3 |       |       |       ||     3
         Dagger            |    36 |    53 |    18 |       ||   107
         Punch             |     1 |       |     1 |       ||     2
         Tailslap          |       |     1 |    16 |     1 ||    18
         Long sword        |       |       |    62 |     4 ||    66
  Throw: Dart              |       |     5 |     3 |       ||     8
   Cast: Foxfire           |    36 |    42 |   107 |     3 ||   188
         Scorch            |     7 |    39 |    70 |     3 ||   119
         Flame Wave        |       |       |     2 |     1 ||     3
  Evoke: Wand              |       |     1 |     1 |     1 ||     3
    Use: Potion            |     1 |     5 |     4 |     1 ||    11
         Scroll            |       |     5 |     2 |       ||     7
   Stab: Sleeping          |     1 |     4 |     6 |       ||    11
 Armour: Robe              |    13 |    28 |    41 |     3 ||    85
         Skin              |       |     9 |       |       ||     9
  Dodge: Dodged            |    30 |    63 |    89 |     6 ||   188
         Repelled          |       |       |     5 |       ||     5
  Block: Other             |       |       |    34 |     2 ||    36
         Reflection        |       |       |     2 |       ||     2
